 Dungeon Crawl Stone Soup version 0.31-a0-210-gccc998df9b (webtiles) character file.

Game seed: 3061604312031244508

142118 qw the Peltast (level 17, -9/108 HPs)
             Began as a Gargoyle Fighter on June 30, 2023.
             Was a Priest of Okawaru.
             Blown up by an orb spider (49 damage)
             ... with an orb of destruction
             ... on level 1 of the Spider Nest.
             The game lasted 00:15:10 (23027 turns).

qw the Peltast (Gargoyle Fighter)                  Turns: 23027, Time: 00:15:10

Health: -9/108     AC: 40    Str: 32    XL:     17   Next: 34%
Magic:  22/24      EV: 15    Int: 11    God:    Okawaru [***...]
Gold:   531        SH: 23    Dex:  9    Spells: 16/16 levels left

rFire   + . .        n - +2 broad axe (heavy)
rCold   + + .        u - +2 tower shield
rNeg    + . .        E - +4 plate armour {rC+}
rPois   inf          (helmet restricted)
rElec   +            y - scarf {rC+ rF+}
rCorr   .            w - +2 pair of gloves
SInv    .            p - +1 pair of boots
Will    +....        r - amulet of regeneration Stlth
                     h - +5 ring of evasion
HPRegen 1.18/turn    z - +6 ring of strength
MPRegen 0.19/turn

%: no passive effects
@: heroic, flying
A: sickness immunity, AC +12, big wings, negative energy resistance 1,
electricity resistance, torment resistance 1, petrification resistance, beak,
deterioration 1
a: Renounce Religion, Heroism


You were on level 1 of the Spider Nest.
You worshipped Okawaru.
Okawaru was most pleased with you.
You visited 6 branches of the dungeon, and saw 27 of its levels.
You also visited: Gauntlet.

You collected 2095 gold pieces.
You spent 1564 gold pieces at shops.


Innate Abilities, Weirdness & Mutations

You are immune to sickness and miasma.
Your stone body is resilient. (AC +12)
You are immune to poison.
Your large and strong wings let you fly.
You resist negative energy. (rN+)
You are resistant to electric shocks. (rElec)
You are resistant to unholy torment.
You are immune to petrification.
You have a beak for a mouth.
Your body sometimes deteriorates upon taking damage.


   Skills:
 + Level 12.5(17.5) Fighting
 - Level 17.0(22.0) Axes
 - Level 6.0(11.0) Throwing
 - Level 11.0(16.0) Armour
 - Level 3.1(8.1) Dodging
 - Level 17.0(22.0) Shields
 - Level 10.0 Invocations


You had 16 spell levels left.
You didn't know any spells.
Your spell library was empty.

Inventory:

Hand Weapons
 n - a +2 heavy broad axe (weapon)
 s - the +3 war axe "Ukhuqit" {flame, rF+++ rC- Int+3 Stlth+}
   (You found it on level 6 of the Dungeon)

   Int:       It affects your intelligence (+3).
   rF:        It renders you almost immune to fire.
   rC:        It makes you vulnerable to cold.
   Stlth:     It makes you more stealthy.
 A - a +2 war axe of flaming
Missiles
 a - 10 boomerangs (quivered)
Armour
 l - a +0 cloak
 p - a +1 pair of boots (worn)
 u - a +2 tower shield (worn)
 v - the +7 plate armour "Yvviret" {Harm rC+ Int+3 Slay+2}
   (You found it on level 11 of the Dungeon)

   Int:       It affects your intelligence (+3).
   Slay:      It affects your accuracy & damage with ranged weapons and melee
   (+2).
   rC:        It protects you from cold.
   Harm:      It increases damage dealt and taken.
 w - a +2 pair of gloves (worn)
 y - a scarf of resistance (worn)
 E - a +4 plate armour of cold resistance (worn)
 F - a +2 chain mail of fire resistance
Jewellery
 h - a +5 ring of evasion (left hand)
 i - a ring of protection from fire
 r - an amulet of regeneration (around neck)
 x - the ring of the Doge {rF- rC+ rN++}
   (You found it in a Gauntlet)

   [ring of protection from cold]

   rF:        It makes you vulnerable to fire.
   rC:        It protects you from cold.
   rN:        It greatly protects you from negative energy.
 z - a +6 ring of strength (right hand)
 B - a ring of ice
Wands
 m - a wand of digging (2)
Scrolls
 g - 5 scrolls of identify
 t - 9 scrolls of teleportation
Potions
 b - 3 potions of cancellation
 c - a potion of heal wounds
 d - 5 potions of might
 e - 2 potions of resistance
 f - 3 potions of mutation
 j - 2 potions of haste
 k - 8 potions of curing
 o - a potion of lignification
 q - a potion of enlightenment
 C - a potion of attraction

Dungeon Overview and Level Annotations

Branches:
Dungeon (15/15)            Temple (1/1) D:6            Lair (5/5) D:8
  Swamp (3/4) Lair:3       Spider (1/4) Lair:3        Slime (0/5) Lair:4
    Orc (2/2) D:11            Elf (0/3) Orc:2        Vaults (0/5) D:13
 Depths (0/4) D:15        Gauntlet (visited)

Altars:
Ashenzari
Cheibriados
Dithmenos
Elyvilon
Fedhas
Gozag
Hepliaklqana
Kikubaaqudgha
Makhleb
Nemelex Xobeh
Okawaru
Qazlal
Ru
Sif Muna
Trog
Uskayaw
Vehumet
Wu Jian
Xom
Yredelemnul
Zin
The Shining One

Shops:
D:8 [   Orc:2 [*([

Annotations:
Swamp:3 3 runed translucent doors, qw's ghost, adept GrFi


Message History

Okawaru accepts your kill.
A freezing mist starts to gather...
A redback simulacrum comes into view.
The orb of destruction hits you!!
You block the jumping spider's attack. x2
You chop the jumping spider into pieces!!!
You kill the jumping spider!
Okawaru accepts your kill.
A freezing mist starts to gather...
A jumping spider simulacrum comes into view.
The orb of destruction hits you!!!
The orb spider begins to weave its threads into a brightly glowing ball.
A jumping spider comes into view.
You block the wolf spider simulacrum's attack.
The wolf spider simulacrum barely misses you.
23024 ||| INVOKING Heroism.
You gain the combat prowess of a mighty hero.
You block the redback simulacrum's attack.
The wolf spider simulacrum hits you but does no damage.
You block the wolf spider simulacrum's attack.
You chop the redback simulacrum into pieces!!!!
The redback simulacrum vaporises!
You slash the wolf spider simulacrum!
You block the wolf spider simulacrum's attack.
The wolf spider simulacrum bites you. The wolf spider simulacrum freezes you!
You resist.
The orb spider weaves a glowing orb of energy.
An orb of destruction comes into view.
You slash the wolf spider simulacrum!
The wolf spider simulacrum is almost destroyed.
You slice the jumping spider simulacrum!!
The jumping spider simulacrum vaporises!
You block the wolf spider simulacrum's attack. x2
The orb spider weaves a glowing orb of energy.
You block the wolf spider simulacrum's attack.
The wolf spider simulacrum bites you but does no damage.
An orb of destruction comes into view.
You slice the wolf spider simulacrum!!
The wolf spider simulacrum vaporises!
The orb of destruction hits you!!!
You die...

## ##..#
..#####...##
^..........#
...........#
....ss....s#
.....*..00.#
.?.....00..#
.....s.@...##
##.....0....#
##.........#
##...<....#
##.....^..#
#######.## ##


You could see 3 orb spiders and a jumping spider.

Vanquished Creatures
  Saint Roka (Orc:2)
  Gastronok (D:10)
  Louise (Swamp:1)
  4 bunyips
  2 eleionomae
  A minotaur (Gauntlet)
  Snorg (D:14)
  An ettin (shapeshifter) (D:15)
  A fire dragon (D:15)
  Josephine (D:11)
  3 vault guards (D:13)
  A shambling mangrove (Swamp:2)
  Fannar (D:10)
  A spriggan air mage (Swamp:3)
  4 hydras
  Erica (Lair:2)
  A catoblepas (Lair:5)
  A merfolk avatar (Lair:5)
  6 boulder beetles
  5 centaur warriors
  6 alligators
  3 two-headed ogres
  3 tengu warriors
  Urug (D:11)
  A titan zombie (D:15)
  4 spriggans (Swamp:2)
  3 orc high priests (Orc:2)
  2 skeletal warriors (D:15)
  2 skysharks
  Sonja (Lair:2)
  Nergalle (D:11)
  Amaemon (Lair:3)
  A sea snake (Lair:5)
  5 goliath frogs
  3 bog bodies
  A pharaoh ant (Spider:1)
  Pikel (D:6)
  A flayed ghost (D:15)
  2 spriggan druids (Swamp:3)
  A deep elf pyromancer (D:12)
  A necromancer (D:15)
  A shadow dragon zombie (D:15)
  2 orc knights (Orc:2)
  A shining eye (Gauntlet)
  2 swamp dragons (Swamp:3)
  A harpy (Lair:5)
  2 frost giant zombies (D:15)
  A wolf spider (Spider:1)
  6 cyclopes
  10 elephants
  7 will-o-the-wisps
  9 ugly things (D:14)
  4 manticores
  4 black mambas
  Joseph (D:8)
  2 gargoyles
  7 cane toads
  2 torpor snails
  7 komodo dragons
  A rime drake (Lair:5)
  Psyche (D:9)
  3 unseen horrors
  2 kobold demonologists
  An orange demon (Lair:3)
  4 tengu conjurers
  3 efreet
  4 trolls
  3 tyrant leeches
  A wind drake (Lair:5)
  5 polar bears
  7 hornets
  22 blink frogs
  A snapping turtle (Lair:5)
  A raiju (Gauntlet)
  A centaur simulacrum (Gauntlet)
  3 slime creatures (D:14)
  8 water elementals
  4 dream sheep (Lair:3)
  A jumping spider (Spider:1)
  Sigmund (D:6)
  3 shadows
  6 wraiths
  A vampire (D:10)
  5 wyverns
  9 humans (D:13)
  Eustachio (D:6)
  A golden eye (Gauntlet)
  61 yaks
  7 basilisks
  8 vampire mosquitoes
  2 wargs
  6 steam dragons
  2 redbacks
  12 swamp worms
  Menkaure (D:4)
  A harpy simulacrum (Gauntlet)
  An acid dragon (D:9)
  19 water moccasins
  3 swamp drakes
  26 orc warriors
  6 black bears
  A tengu (shapeshifter) (D:14)
  6 ogres
  21 centaurs
  11 wolves
  3 kobold brigands
  2 lemures (D:6)
  3 phantoms
  A gnoll sergeant (D:10)
  2 scorpions
  21 bullfrogs
  9 killer bees
  A troll zombie (D:11)
  3 howler monkeys
  13 electric eels
  3 hounds
  17 jellies
  16 orc priests
  3 gnoll boudas
  2 iguanas
  A sleepcap (D:6)
  27 orc wizards
  7 ogre zombies (D:11)
  A boggart simulacrum (Gauntlet)
  18 gnolls
  6 adders
  2 shadow imps
  2 white imps (D:7)
  An ufetubus (D:5)
  5 worms
  15 dart slugs
  83 orcs
  5 ball pythons
  4 bats
  8 endoplasms
  3 giant cockroaches
  9 goblins
  8 hobgoblins
  11 jackals
  5 quokkas
  3 frilled lizards
  A goblin skeleton (D:11)
  2 goblin zombies (D:11)
  A hobgoblin skeleton (D:11)
  4 hobgoblin zombies (D:11)
  21 kobolds
  2 orc skeletons (D:11)
  15 orc zombies (D:11)
  6 rats
823 creatures vanquished.

Vanquished Creatures (others)
  A sea snake (Lair:5)
  A water elemental (D:15)
  A yak (D:10)
  An orc wizard (D:9)
  40 foxfires
44 creatures vanquished.

Grand Total: 867 creatures vanquished

Notes
Turn   | Place    | Note
-------+----------+-------------------------------------------
     0 | D:1      | qw the Gargoyle Fighter began the quest for the Orb.
     0 | D:1      | Reached XP level 1. HP: 14/14 MP: 1/1
     0 | D:1      | 0 ||| qw: Version: 0.3-a-26-gee661ec
     0 | D:1      | 0 ||| qw: Game counter: 7228
     0 | D:1      | 0 ||| qw: Melee chars always use a shield: true
     0 | D:1      | 0 ||| qw: God list: Okawaru
     0 | D:1      | 0 ||| qw: Allow faded altars: false
     0 | D:1      | 0 ||| qw: Do Orc after clearing Dungeon:15 true
     0 | D:1      | 0 ||| qw: Do second Lair branch before Depths: true
     0 | D:1      | 0 ||| qw: Lair rune preference: random
     0 | D:1      | 0 ||| qw: Goals: Normal, Zot:1-4, Slime:5, God:TSO, Crypt,
                  | Tomb, Abyss, Pan, Hells, Win
     0 | D:1      | 0 ||| PLANNING D:1-11
   122 | D:1      | 122 ||| Stepping ~*~*~tactically~*~*~ (hiding).
   134 | D:1      | Reached XP level 2. HP: 18/19 MP: 2/2
   300 | D:1      | 300 ||| Stepping ~*~*~tactically~*~*~ (hiding).
   338 | D:1      | 338 ||| Stepping ~*~*~tactically~*~*~ (hiding).
   353 | D:1      | 353 ||| DROPPING +0 club.
   360 | D:1      | Reached skill level 3 in Axes
   401 | D:1      | Reached XP level 3. HP: 23/23 MP: 3/3
   781 | D:1      | 781 ||| READING 2 scrolls labelled MAROCUBBOJ.
   782 | D:1      | 782 ||| READING scroll labelled USEUS KUOLOHAXT.
   783 | D:1      | 783 ||| READING scroll labelled GUCSUL ZUSEO.
   784 | D:1      | 784 ||| READING scroll labelled XOLIRPH WYEHELO.
   785 | D:1      | 785 ||| DROPPING scroll of revelation.
   982 | D:2      | Found a shadowy altar of Dithmenos.
   984 | D:2      | 984 ||| DROPPING +0 whip.
  1064 | D:2      | Reached XP level 4. HP: 21/28 MP: 4/4
  1452 | D:2      | 1452 ||| Stepping ~*~*~tactically~*~*~ (stealth).
  1453 | D:2      | 1453 ||| Stepping ~*~*~tactically~*~*~ (stealth).
  1684 | D:2      | 1684 ||| DROPPING amulet of magic regeneration.
  1685 | D:2      | 1685 ||| UPGRADING to ring of protection from fire.
  1686 | D:2      | 1686 ||| READING scroll labelled CUUTEYZOOL.
  1687 | D:2      | 1687 ||| READING scroll labelled ZEM PEAGIWNEI.
  1690 | D:2      | 1690 ||| DRINKING 2 purple potions.
  1727 | D:3      | 1727 ||| STAIRDANCE
  1815 | D:3      | Noticed a scorpion
  1827 | D:3      | Killed a scorpion
  1828 | D:3      | Reached XP level 5. HP: 19/32 MP: 5/5
  2137 | D:3      | 2137 ||| Stepping ~*~*~tactically~*~*~ (hiding).
  2383 | D:3      | 2383 ||| DROPPING +0 mace.
  2582 | D:3      | Reached XP level 6. HP: 26/38 MP: 6/6
  2706 | D:3      | 2706 ||| Stepping ~*~*~tactically~*~*~ (stealth).
  2905 | D:3      | 2905 ||| UPGRADING to +0 cloak.
  2910 | D:3      | 2910 ||| UPGRADING to +4 ring of protection.
  2911 | D:3      | 2911 ||| READING scroll labelled UMMEUX RODE.
  2912 | D:3      | 2912 ||| READING scroll labelled HOCARAD ERRAOC.
  2913 | D:3      | 2913 ||| READING 2 scrolls of identify.
  2913 | D:3      | 2913 ||| IDENTIFYING murky yellow potion
  2964 | D:4      | 2964 ||| PLANNING SEWER
  2967 | D:4      | Noticed Menkaure
  2973 | D:4      | Killed Menkaure
  3034 | D:4      | 3034 ||| Stepping ~*~*~tactically~*~*~ (hiding).
  3035 | D:4      | 3035 ||| Stepping ~*~*~tactically~*~*~ (hiding).
  3058 | D:4      | 3058 ||| FLEEEEING.
  3059 | D:4      | 3059 ||| FLEEEEING.
  3060 | D:4      | 3060 ||| FLEEEEING.
  3061 | D:4      | 3061 ||| FLEEEEING.
  3062 | D:4      | 3062 ||| FLEEEEING.
  3063 | D:4      | 3063 ||| FLEEEEING.
  3065 | D:4      | 3065 ||| FLEEEEING.
  3066 | D:4      | 3066 ||| FLEEEEING.
  3069 | D:4      | 3069 ||| FLEEEEING.
  3070 | D:4      | 3070 ||| FLEEEEING.
  3071 | D:4      | 3071 ||| FLEEEEING.
  3072 | D:4      | 3072 ||| FLEEEEING.
  3073 | D:4      | 3073 ||| FLEEEEING.
  3074 | D:4      | 3074 ||| FLEEEEING.
  3075 | D:4      | 3075 ||| FLEEEEING.
  3076 | D:4      | 3076 ||| FLEEEEING.
  3077 | D:4      | 3077 ||| FLEEEEING.
  3078 | D:4      | 3078 ||| FLEEEEING.
  3079 | D:4      | 3079 ||| FLEEEEING.
  3080 | D:4      | 3080 ||| FLEEEEING.
  3081 | D:4      | 3081 ||| FLEEEEING.
  3082 | D:4      | 3082 ||| FLEEEEING.
  3087 | D:4      | 3087 ||| FLEEEEING.
  3088 | D:4      | 3088 ||| FLEEEEING.
  3089 | D:4      | 3089 ||| FLEEEEING.
  3090 | D:4      | 3090 ||| FLEEEEING.
  3091 | D:4      | 3091 ||| STAIRDANCE
  3222 | D:4      | Reached XP level 7. HP: 42/43 MP: 7/7
  3250 | D:4      | 3250 ||| Stepping ~*~*~tactically~*~*~ (stealth).
  3253 | D:4      | 3253 ||| Stepping ~*~*~tactically~*~*~ (stealth).
  3254 | D:4      | 3254 ||| Stepping ~*~*~tactically~*~*~ (stealth).
  3502 | D:4      | 3502 ||| READING 3 scrolls of enchant weapon.
  3502 | D:4      | 3502 ||| ENCHANTING +1 war axe.
  3503 | D:4      | 3503 ||| READING 2 scrolls of enchant weapon.
  3503 | D:4      | 3503 ||| ENCHANTING +2 war axe.
  3504 | D:4      | 3504 ||| READING scroll of enchant weapon.
  3504 | D:4      | 3504 ||| ENCHANTING +3 war axe.
  3510 | D:4      | 3510 ||| Stepping ~*~*~tactically~*~*~ (hiding).
  3511 | D:4      | 3511 ||| Stepping ~*~*~tactically~*~*~ (hiding).
  3539 | D:4      | 3539 ||| Stepping ~*~*~tactically~*~*~ (stealth).
  3541 | D:4      | 3541 ||| Stepping ~*~*~tactically~*~*~ (stealth).
  3552 | D:4      | Reached skill level 6 in Axes
  3562 | D:4      | 3562 ||| RIP SEWER
  3574 | D:4      | 3574 ||| PLANNING D:1-11
  3650 | D:4      | 3650 ||| UPGRADING to +0 chain mail.
  3660 | D:4      | 3660 ||| DROPPING +0 scale mail.
  3662 | D:4      | 3662 ||| DRINKING 2 white potions.
  3663 | D:4      | 3663 ||| READING 2 scrolls of identify.
  3663 | D:4      | 3663 ||| IDENTIFYING fizzy purple potion
  3664 | D:4      | 3664 ||| DROPPING potion of degeneration.
  3818 | D:5      | Entered Level 5 of the Dungeon
  3841 | D:5      | Reached XP level 8. HP: 45/48 MP: 8/8
  3982 | D:5      | Identified the +4 sling of Nisemit {heavy, rElec rC+ Will+}
  4031 | D:5      | Reached skill level 1 in Throwing
  4040 | D:5      | 4040 ||| FLEEEEING.
  4041 | D:5      | 4041 ||| FLEEEEING.
  4042 | D:5      | 4042 ||| FLEEEEING.
  4043 | D:5      | 4043 ||| STAIRDANCE
  4081 | D:4      | 4081 ||| READING scroll labelled SAJU CEABLI.
  4087 | D:5      | 4087 ||| STAIRDANCE
  4209 | D:5      | Found a hide-covered altar of Uskayaw.
  4440 | D:5      | 4440 ||| READING 2 scrolls of identify.
  4440 | D:5      | 4440 ||| IDENTIFYING grey potion
  4476 | D:6      | Noticed Pikel
  4493 | D:6      | Killed Pikel
  4494 | D:6      | Reached skill level 9 in Axes
  4509 | D:6      | 4509 ||| FLEEEEING.
  4510 | D:6      | 4510 ||| FLEEEEING.
  4511 | D:6      | 4511 ||| FLEEEEING.
  4512 | D:6      | 4512 ||| STAIRDANCE
  4619 | D:6      | Reached skill level 6 in Fighting
  4619 | D:6      | Reached XP level 9. HP: 53/55 MP: 9/9
  4746 | D:6      | Found a staircase to the Ecumenical Temple.
  4747 | D:6      | 4747 ||| PLANNING TEMPLE
  4753 | D:6      | Noticed Sigmund
  4764 | D:6      | Killed Sigmund
  4836 | D:6      | 4836 ||| DROPPING +1 flail of protection.
  4850 | D:6      | 4850 ||| Stepping ~*~*~tactically~*~*~ (hiding).
  4910 | D:6      | 4910 ||| Stepping ~*~*~tactically~*~*~ (stealth).
  4914 | D:6      | Noticed Eustachio
  4935 | D:6      | Killed Eustachio
  5092 | D:6      | Identified the +3 war axe "Ukhuqit" {flame, rF+++ rC- Int+3
                  | Stlth+}
  5094 | D:6      | 5094 ||| SWAPPING to +3 war axe "Ukhuqit" {flame, rF+++ rC-
                  | Int+3 Stlth+}.
  5095 | D:6      | 5095 ||| REMOVING ring of protection from fire.
  5096 | D:6      | 5096 ||| DROPPING +0 morningstar.
  5097 | D:6      | 5097 ||| UPGRADING to +0 plate armour.
  5107 | D:6      | 5107 ||| DROPPING +0 chain mail.
  5108 | D:6      | 5108 ||| UPGRADING to amulet of regeneration.
  5115 | Temple   | Entered the Ecumenical Temple
  5115 | Temple   | Found a transporter.
  5115 | Temple   | Found a transporter.
  5117 | Temple   | Found a transporter.
  5117 | Temple   | Found a transporter.
  5126 | Temple   | 5126 ||| PLANNING OKAWARU WORSHIP
  5133 | Temple   | Became a worshipper of Warmaster Okawaru
  5134 | Temple   | 5134 ||| PLANNING D:1-11
  5417 | D:7      | 5417 ||| FLEEEEING.
  5418 | D:7      | 5418 ||| STAIRDANCE
  5579 | D:7      | Reached skill level 6 in Armour
  5586 | D:7      | Reached * piety under Okawaru
  5626 | D:7      | Reached skill level 1 in Invocations
  5637 | D:7      | Reached skill level 3 in Invocations
  5669 | D:7      | Reached XP level 10. HP: 53/63 MP: 12/12
  6094 | D:7      | 6094 ||| Stepping ~*~*~tactically~*~*~ (hiding).
  6337 | D:7      | 6337 ||| UPGRADING to +0 pair of boots.
  6342 | D:7      | 6342 ||| READING scroll labelled MITHEPN XEERCH.
  6443 | D:7      | 6443 ||| READING 2 scrolls of identify.
  6443 | D:7      | 6443 ||| IDENTIFYING dark potion
  6513 | D:8      | Reached ** piety under Okawaru
  6514 | D:8      | 6514 ||| INVOKING Heroism.
  6572 | D:8      | 6572 ||| INVOKING Heroism.
  6602 | D:8      | Found a staircase to the Lair.
  6646 | D:8      | Found Jigh's Antique Armour Shoppe.
  6651 | D:8      | 6651 ||| BUYING shiny tower shield (210 gold).
  6651 | D:8      | Bought a shiny tower shield for 210 gold pieces
  6651 | D:8      | 6651 ||| SHOPLISTING spiked hat (252 gold, have 106).
  6666 | D:8      | 6666 ||| Stepping ~*~*~tactically~*~*~ (stealth).
  6698 | D:8      | 6698 ||| Stepping ~*~*~tactically~*~*~ (hiding).
  6699 | D:8      | 6699 ||| Stepping ~*~*~tactically~*~*~ (hiding).
  6875 | D:8      | Noticed Joseph
  6876 | D:8      | 6876 ||| Stepping ~*~*~tactically~*~*~ (hiding).
  6889 | D:8      | Killed Joseph
  6889 | D:8      | Reached *** piety under Okawaru
  6908 | D:8      | 6908 ||| FLEEEEING.
  6909 | D:8      | 6909 ||| FLEEEEING.
  6910 | D:8      | 6910 ||| FLEEEEING.
  7067 | D:8      | 7067 ||| Stepping ~*~*~tactically~*~*~ (stealth).
  7069 | D:8      | 7069 ||| Stepping ~*~*~tactically~*~*~ (stealth).
  7071 | D:8      | 7071 ||| Stepping ~*~*~tactically~*~*~ (stealth).
  7073 | D:8      | 7073 ||| Stepping ~*~*~tactically~*~*~ (hiding).
  7262 | D:8      | 7262 ||| INVOKING Heroism.
  7684 | D:8      | 7684 ||| PLANNING LAIR
  7684 | D:8      | 7684 ||| UPGRADING to +2 tower shield.
  7694 | D:8      | 7694 ||| DROPPING +0 buckler.
  7695 | D:8      | 7695 ||| UPGRADING to +0 pair of gloves.
  7700 | D:8      | 7700 ||| DRINKING 2 sedimented purple potions.
  7701 | D:8      | 7701 ||| READING 2 scrolls of identify.
  7701 | D:8      | 7701 ||| IDENTIFYING glowing cyan potion
  7702 | D:8      | 7702 ||| DROPPING potion of brilliance.
  7750 | Lair:1   | Entered Level 1 of the Lair of Beasts
  7843 | Lair:1   | 7843 ||| Stepping ~*~*~tactically~*~*~ (hiding).
  7866 | Lair:1   | Noticed a cane toad
  7867 | Lair:1   | 7867 ||| INVOKING Heroism.
  7870 | Lair:1   | 7870 ||| Stepping ~*~*~tactically~*~*~ (stealth).
  7877 | Lair:1   | Killed a cane toad
  7878 | Lair:1   | Reached skill level 6 in Shields
  7878 | Lair:1   | Reached XP level 11. HP: 67/68 MP: 12/14
  7886 | Lair:1   | 7886 ||| INVOKING Heroism.
  8019 | Lair:1   | 8019 ||| INVOKING Heroism.
  8040 | Lair:1   | Reached **** piety under Okawaru
  8133 | Lair:1   | Received a gift from Okawaru
  8148 | Lair:1   | Reached skill level 9 in Shields
  8202 | Lair:1   | 8202 ||| INVOKING Heroism.
  8612 | Lair:1   | 8612 ||| READING 3 scrolls labelled DOTEUR HENTANU.
  8613 | Lair:1   | 8613 ||| DROPPING 2 scrolls of immolation.
  8632 | Lair:2   | 8632 ||| INVOKING Heroism.
  8641 | Lair:2   | Received a gift from Okawaru
  8648 | Lair:2   | 8648 ||| INVOKING Heroism.
  8688 | Lair:2   | 8688 ||| Stepping ~*~*~tactically~*~*~ (stealth).
  8689 | Lair:2   | 8689 ||| INVOKING Heroism.
  8696 | Lair:2   | Noticed Erica
  8713 | Lair:2   | Killed Erica
  8714 | Lair:2   | 8714 ||| DRINKING 4 potions of curing.
  8714 | Lair:2   | 8714 ||| (to cure confusion)
  8737 | Lair:2   | Noticed Sonja
  8738 | Lair:2   | 8738 ||| Stepping ~*~*~tactically~*~*~ (stealth).
  8750 | Lair:2   | 8750 ||| INVOKING Heroism.
  8751 | Lair:2   | HP: 5/68 [Sonja/+3 dagger of distortion (19)]
  8752 | Lair:2   | 8752 ||| READING scroll of teleportation.
  8754 | Lair:2   | 8754 ||| DRINKING potion of heal wounds.
  8756 | Lair:2   | HP: 17/68 [Sonja/+3 dagger of distortion (16)]
  8757 | Lair:2   | 8757 ||| Stepping ~*~*~tactically~*~*~ (hiding).
  8816 | Lair:2   | 8816 ||| Stepping ~*~*~tactically~*~*~ (hiding).
  8817 | Lair:2   | 8817 ||| Stepping ~*~*~tactically~*~*~ (hiding).
  8826 | Lair:2   | Received a gift from Okawaru
  8894 | Lair:2   | Reached skill level 6 in Invocations
  8909 | Lair:2   | 8909 ||| Stepping ~*~*~tactically~*~*~ (stealth).
  9029 | Lair:2   | 9029 ||| INVOKING Heroism.
  9040 | Lair:2   | Killed Sonja
  9041 | Lair:2   | Reached XP level 12. HP: 46/73 MP: 14/16
  9186 | Lair:2   | 9186 ||| Stepping ~*~*~tactically~*~*~ (hiding).
  9295 | Lair:2   | 9295 ||| Stepping ~*~*~tactically~*~*~ (water).
  9535 | Lair:2   | 9535 ||| READING scroll labelled VEASCH NEATZE.
  9536 | Lair:2   | 9536 ||| READING 2 scrolls labelled HAUPOM DAWE.
  9537 | Lair:2   | 9537 ||| READING 3 scrolls of identify.
  9537 | Lair:2   | 9537 ||| IDENTIFYING emerald potion
  9538 | Lair:2   | 9538 ||| DROPPING scroll of summoning.
  9552 | Lair:3   | Noticed Amaemon
  9553 | Lair:3   | 9553 ||| INVOKING Heroism.
  9558 | Lair:3   | Killed Amaemon
  9559 | Lair:3   | Reached skill level 3 in Throwing
  9583 | Lair:3   | Noticed a skyshark
  9595 | Lair:3   | Killed a skyshark
  9595 | Lair:3   | Received a gift from Okawaru
  9611 | Lair:3   | 9611 ||| Stepping ~*~*~tactically~*~*~ (stealth).
  9613 | Lair:3   | 9613 ||| Stepping ~*~*~tactically~*~*~ (stealth).
  9615 | Lair:3   | 9615 ||| INVOKING Heroism.
  9657 | Lair:3   | 9657 ||| Stepping ~*~*~tactically~*~*~ (stealth).
  9659 | Lair:3   | 9659 ||| Stepping ~*~*~tactically~*~*~ (stealth).
  9663 | Lair:3   | 9663 ||| Stepping ~*~*~tactically~*~*~ (stealth).
  9671 | Lair:3   | Reached ***** piety under Okawaru
  9672 | Lair:3   | Reached skill level 12 in Shields
  9813 | Lair:3   | 9813 ||| SWAPPING to +0 broad axe.
  9814 | Lair:3   | 9814 ||| DROPPING +4 war axe.
  9815 | Lair:3   | 9815 ||| READING scroll of enchant weapon.
  9815 | Lair:3   | 9815 ||| ENCHANTING +0 broad axe.
  9870 | Lair:3   | 9870 ||| INVOKING Heroism.
  9877 | Lair:3   | Reached skill level 9 in Invocations
  9886 | Lair:3   | Received a gift from Okawaru
  9898 | Lair:3   | 9898 ||| Stepping ~*~*~tactically~*~*~ (stealth).
  9925 | Lair:3   | 9925 ||| INVOKING Heroism.
  9997 | Lair:3   | 9997 ||| INVOKING Heroism.
 10050 | Lair:3   | Received a gift from Okawaru
 10079 | Lair:3   | 10079 ||| Stepping ~*~*~tactically~*~*~ (stealth).
 10113 | Lair:3   | Reached XP level 13. HP: 78/78 MP: 20/20
 10125 | Lair:3   | Received a gift from Okawaru
 10165 | Lair:3   | 10165 ||| DROPPING +1 heavy war axe.
 10197 | Lair:3   | 10197 ||| INVOKING Heroism.
 10208 | Lair:3   | 10208 ||| Stepping ~*~*~tactically~*~*~ (stealth).
 10217 | Lair:3   | Found a hole to the Spider Nest.
 10257 | Lair:3   | Found a staircase to the Swamp.
 10258 | Lair:3   | 10258 ||| Stepping ~*~*~tactically~*~*~ (hiding).
 10710 | Lair:3   | 10710 ||| INVOKING Heroism.
 10814 | Lair:3   | 10814 ||| UPGRADING to +5 ring of evasion.
 10855 | Lair:4   | 10855 ||| Stepping ~*~*~tactically~*~*~ (stealth).
 10856 | Lair:4   | 10856 ||| Stepping ~*~*~tactically~*~*~ (stealth).
 10857 | Lair:4   | 10857 ||| Stepping ~*~*~tactically~*~*~ (stealth).
 10859 | Lair:4   | 10859 ||| Stepping ~*~*~tactically~*~*~ (stealth).
 10860 | Lair:4   | 10860 ||| INVOKING Heroism.
 10902 | Lair:4   | 10902 ||| INVOKING Heroism.
 11175 | Lair:4   | 11175 ||| Stepping ~*~*~tactically~*~*~ (stealth).
 11222 | Lair:4   | Found a staircase to the Slime Pits.
 11230 | Lair:4   | 11230 ||| Stepping ~*~*~tactically~*~*~ (stealth).
 11231 | Lair:4   | 11231 ||| Stepping ~*~*~tactically~*~*~ (stealth).
 11249 | Lair:4   | 11249 ||| Stepping ~*~*~tactically~*~*~ (stealth).
 11290 | Lair:4   | 11290 ||| INVOKING Heroism.
 11365 | Lair:4   | Reached skill level 9 in Fighting
 11786 | Lair:4   | 11786 ||| UPGRADING to +0 helmet.
 11791 | Lair:4   | 11791 ||| READING scroll labelled DUARCHEMODD.
 11792 | Lair:4   | 11792 ||| READING 5 scrolls of identify.
 11792 | Lair:4   | 11792 ||| IDENTIFYING smoky coppery potion
 11793 | Lair:4   | 11793 ||| DROPPING potion of ambrosia.
 11814 | Lair:5   | Entered Level 5 of the Lair of Beasts
 11815 | Lair:5   | 11815 ||| INVOKING Heroism.
 11881 | Lair:5   | 11881 ||| INVOKING Heroism.
 11885 | Lair:5   | HP: 18/80 [stone wall collision (9)]
 11886 | Lair:5   | 11886 ||| READING 2 scrolls of teleportation.
 11890 | Lair:5   | Reached skill level 9 in Armour
 11922 | Lair:5   | 11922 ||| FLEEEEING.
 11923 | Lair:5   | 11923 ||| FLEEEEING.
 11924 | Lair:5   | 11924 ||| FLEEEEING.
 11925 | Lair:5   | 11925 ||| FLEEEEING.
 11952 | Lair:5   | 11952 ||| INVOKING Heroism.
 12002 | Lair:5   | 12002 ||| Stepping ~*~*~tactically~*~*~ (hiding).
 12003 | Lair:5   | 12003 ||| Stepping ~*~*~tactically~*~*~ (hiding).
 12005 | Lair:5   | 12005 ||| INVOKING Heroism.
 12073 | Lair:5   | 12073 ||| INVOKING Heroism.
 12092 | Lair:5   | 12092 ||| SWAPPING to +3 war axe "Ukhuqit" {flame, rF+++
                  | rC- Int+3 Stlth+}.
 12096 | Lair:5   | 12096 ||| INVOKING Heroism.
 12103 | Lair:5   | 12103 ||| SWAPPING to +1 broad axe.
 12145 | Lair:5   | 12145 ||| Stepping ~*~*~tactically~*~*~ (stealth).
 12154 | Lair:5   | 12154 ||| Stepping ~*~*~tactically~*~*~ (stealth).
 12158 | Lair:5   | 12158 ||| Stepping ~*~*~tactically~*~*~ (stealth).
 12159 | Lair:5   | 12159 ||| INVOKING Heroism.
 12169 | Lair:5   | Reached skill level 12 in Axes
 12203 | Lair:5   | 12203 ||| INVOKING Heroism.
 12213 | Lair:5   | 12213 ||| Stepping ~*~*~tactically~*~*~ (cloud).
 12244 | Lair:5   | 12244 ||| INVOKING Heroism.
 12284 | Lair:5   | Identified the +1 trident of Gaenutyf {freeze, Dex+2
                  | Stlth+}
 12295 | Lair:5   | 12295 ||| INVOKING Heroism.
 12335 | Lair:5   | 12335 ||| INVOKING Heroism.
 12337 | Lair:5   | 12337 ||| Stepping ~*~*~tactically~*~*~ (cloud).
 12346 | Lair:5   | 12346 ||| Stepping ~*~*~tactically~*~*~ (cloud).
 12348 | Lair:5   | 12348 ||| Stepping ~*~*~tactically~*~*~ (cloud).
 12450 | Lair:5   | 12450 ||| INVOKING Heroism.
 12454 | Lair:5   | Gained mutation: Your large and strong wings let you fly.
                  | [Gargoyle growth]
 12454 | Lair:5   | Reached XP level 14. HP: 86/86 MP: 18/21
 12500 | Lair:5   | Identified the +6 falchion of Recklessness {freeze, Fragile
                  | Fly rN+++ Str+4}
 12589 | Lair:5   | Received a gift from Okawaru
 12764 | Lair:5   | 12764 ||| PLANNING D:1-11
 12764 | Lair:5   | 12764 ||| UPGRADING to scarf of resistance.
 12774 | Lair:5   | 12774 ||| READING 5 scrolls of identify.
 12774 | Lair:5   | 12774 ||| IDENTIFYING fizzy red potion
 12775 | Lair:5   | 12775 ||| DRINKING potion of experience.
 12775 | Lair:5   | Reached skill level 12 in Fighting
 12775 | Lair:5   | Reached XP level 15. HP: 96/96 MP: 22/22
 12943 | D:9      | Found a sparkling altar of Nemelex Xobeh.
 12998 | D:9      | Found a sacrificial altar of Ru.
 13005 | D:9      | Found a burning altar of Makhleb.
 13092 | D:9      | 13092 ||| READING scroll of enchant armour.
 13092 | D:9      | 13092 ||| ENCHANTING +0 pair of gloves.
 13218 | D:9      | Found a white marble altar of Elyvilon.
 13263 | D:9      | Noticed Psyche
 13264 | D:9      | 13264 ||| Stepping ~*~*~tactically~*~*~ (hiding).
 13265 | D:9      | 13265 ||| Stepping ~*~*~tactically~*~*~ (hiding).
 13266 | D:9      | 13266 ||| FLEEEEING.
 13268 | D:9      | 13268 ||| FLEEEEING.
 13269 | D:9      | 13269 ||| FLEEEEING.
 13270 | D:9      | 13270 ||| FLEEEEING.
 13271 | D:9      | 13271 ||| FLEEEEING.
 13283 | D:9      | 13283 ||| FLEEEEING.
 13284 | D:9      | 13284 ||| FLEEEEING.
 13302 | D:9      | 13302 ||| FLEEEEING.
 13303 | D:9      | 13303 ||| FLEEEEING.
 13304 | D:9      | 13304 ||| FLEEEEING.
 13322 | D:9      | 13322 ||| Stepping ~*~*~tactically~*~*~ (hiding).
 13324 | D:9      | 13324 ||| Stepping ~*~*~tactically~*~*~ (hiding).
 13325 | D:9      | 13325 ||| Stepping ~*~*~tactically~*~*~ (hiding).
 13326 | D:9      | 13326 ||| Stepping ~*~*~tactically~*~*~ (hiding).
 13341 | D:9      | Killed Psyche
 13556 | D:9      | 13556 ||| Stepping ~*~*~tactically~*~*~ (hiding).
 13681 | D:9      | Found a snail-covered altar of Cheibriados.
 13688 | D:9      | Found a hazy altar of Hepliaklqana.
 13780 | D:10     | Entered Level 10 of the Dungeon
 13928 | D:10     | Noticed Gastronok
 13943 | D:10     | 13943 ||| Stepping ~*~*~tactically~*~*~ (hiding).
 13953 | D:10     | 13953 ||| INVOKING Heroism.
 13958 | D:10     | Killed Gastronok
 14181 | D:10     | 14181 ||| Stepping ~*~*~tactically~*~*~ (stealth).
 14182 | D:10     | 14182 ||| Stepping ~*~*~tactically~*~*~ (stealth).
 14193 | D:10     | 14193 ||| INVOKING Heroism.
 14409 | D:10     | Identified the +7 dagger of Xom's Felicitations {spect,
                  | Str+4 Int+3}
 14618 | D:10     | Noticed Fannar
 14633 | D:10     | Killed Fannar
 14792 | D:10     | 14792 ||| READING scroll labelled CUXUESSO YDICK.
 14835 | D:11     | Identified the +7 plate armour "Yvviret" {Harm rC+ Int+3
                  | Slay+2}
 14923 | D:11     | 14923 ||| Stepping randomly (disturbance).
 14943 | D:11     | 14943 ||| Stepping randomly (disturbance).
 14976 | D:11     | 14976 ||| Stepping ~*~*~tactically~*~*~ (stealth).
 14984 | D:11     | 14984 ||| Stepping ~*~*~tactically~*~*~ (stealth).
 14988 | D:11     | 14988 ||| Stepping ~*~*~tactically~*~*~ (stealth).
 14990 | D:11     | 14990 ||| Stepping ~*~*~tactically~*~*~ (stealth).
 15003 | D:11     | 15003 ||| Stepping ~*~*~tactically~*~*~ (stealth).
 15019 | D:11     | 15019 ||| Stepping ~*~*~tactically~*~*~ (stealth).
 15020 | D:11     | 15020 ||| Stepping ~*~*~tactically~*~*~ (stealth).
 15031 | D:11     | 15031 ||| Stepping ~*~*~tactically~*~*~ (stealth).
 15039 | D:11     | Found a staircase to the Orcish Mines.
 15061 | D:11     | Reached skill level 15 in Shields
 15109 | D:11     | Noticed Nergalle
 15109 | D:11     | Noticed Josephine
 15110 | D:11     | 15110 ||| Stepping ~*~*~tactically~*~*~ (stealth).
 15112 | D:11     | 15112 ||| Stepping ~*~*~tactically~*~*~ (hiding).
 15126 | D:11     | Killed Josephine
 15130 | D:11     | Killed Nergalle
 15206 | D:11     | Noticed Urug
 15207 | D:11     | 15207 ||| INVOKING Heroism.
 15208 | D:11     | 15208 ||| INVOKING Finesse.
 15219 | D:11     | Killed Urug
 15564 | D:11     | 15564 ||| PLANNING D
 15564 | D:11     | 15564 ||| UPGRADING to +7 plate armour "Yvviret" {Harm rC+
                  | Int+3 Slay+2}.
 15574 | D:11     | 15574 ||| DROPPING ring of see invisible.
 15686 | D:12     | 15686 ||| FLEEEEING.
 15687 | D:12     | 15687 ||| FLEEEEING.
 15688 | D:12     | 15688 ||| FLEEEEING.
 15689 | D:12     | 15689 ||| FLEEEEING.
 15690 | D:12     | 15690 ||| FLEEEEING.
 15691 | D:12     | 15691 ||| FLEEEEING.
 15692 | D:12     | 15692 ||| FLEEEEING.
 15693 | D:12     | 15693 ||| FLEEEEING.
 15694 | D:12     | 15694 ||| FLEEEEING.
 15695 | D:12     | 15695 ||| FLEEEEING.
 15696 | D:12     | 15696 ||| Stepping ~*~*~tactically~*~*~ (hiding).
 15697 | D:12     | 15697 ||| Stepping ~*~*~tactically~*~*~ (hiding).
 15700 | D:12     | 15700 ||| Stepping ~*~*~tactically~*~*~ (hiding).
 15701 | D:12     | 15701 ||| Stepping ~*~*~tactically~*~*~ (hiding).
 15815 | D:12     | 15815 ||| INVOKING Heroism.
 15882 | D:12     | Found the +5 demon whip "Spellbinder" {antimagic, disrupt,
                  | Will+}
 15932 | D:12     | Received a gift from Okawaru
 16097 | D:12     | 16097 ||| READING scroll labelled ITTENA YLEMN.
 16108 | D:13     | 16108 ||| PLANNING GAUNTLET
 16143 | D:13     | 16143 ||| READING scroll of enchant weapon.
 16143 | D:13     | 16143 ||| ENCHANTING +1 heavy broad axe.
 16181 | D:13     | Received a gift from Okawaru
 16190 | D:13     | 16190 ||| INVOKING Heroism.
 16232 | D:13     | Found a gate to the Vaults.
 16325 | D:13     | 16325 ||| Stepping ~*~*~tactically~*~*~ (hiding).
 16355 | D:13     | Found a gate leading to a gauntlet.
 16356 | D:13     | 16356 ||| DROPPING scarf of harm.
 16357 | D:13     | 16357 ||| READING 7 scrolls of identify.
 16357 | D:13     | 16357 ||| IDENTIFYING fizzy brown potion
 16358 | D:13     | 16358 ||| DROPPING potion of berserk rage.
 16364 | Gauntlet | Entered a Gauntlet
 16364 | Gauntlet | Found a transporter.
 16364 | Gauntlet | Found a large runed translucent door.
 16364 | Gauntlet | Found a large runed translucent door.
 16364 | Gauntlet | Found a large runed translucent door.
 16364 | Gauntlet | Found a large runed translucent door.
 16364 | Gauntlet | Found a runed translucent door.
 16364 | Gauntlet | Found a runed translucent door.
 16364 | Gauntlet | Found a large runed translucent door.
 16364 | Gauntlet | Found a large runed translucent door.
 16364 | Gauntlet | Found a large runed translucent door.
 16364 | Gauntlet | Found a large runed translucent door.
 16364 | Gauntlet | Found a large runed translucent door.
 16364 | Gauntlet | Found a large runed translucent door.
 16365 | Gauntlet | Found a large runed translucent door.
 16365 | Gauntlet | Found a large runed translucent door.
 16374 | Gauntlet | Found a transporter.
 16388 | Gauntlet | Found a transporter.
 16393 | Gauntlet | Found a transporter.
 16410 | Gauntlet | Found a transporter.
 16428 | Gauntlet | Found a transporter.
 16440 | Gauntlet | Found a transporter.
 16446 | Gauntlet | Found a transporter.
 16448 | Gauntlet | Found a transporter.
 16465 | Gauntlet | Found a transporter.
 16477 | Gauntlet | Found a transporter.
 16483 | Gauntlet | Found a transporter.
 16483 | Gauntlet | Found a transporter.
 16485 | Gauntlet | Found a transporter.
 16494 | Gauntlet | Found the macabre finger necklace {Finger+ rN+}
 16501 | Gauntlet | Found the brooch of Shielding {Spirit SH+8}
 16502 | Gauntlet | Found a transporter.
 16519 | Gauntlet | Found a transporter.
 16538 | Gauntlet | Found a transporter.
 16556 | Gauntlet | Found a large runed translucent door.
 16557 | Gauntlet | Found a large runed translucent door.
 16561 | Gauntlet | Found a runed translucent gate.
 16561 | Gauntlet | Found a runed translucent gate.
 16561 | Gauntlet | Found a runed translucent gate.
 16563 | Gauntlet | Found a transporter.
 16573 | Gauntlet | Found a large runed translucent door.
 16574 | Gauntlet | Found a large runed translucent door.
 16822 | Gauntlet | 16822 ||| DRINKING 7 potions of curing.
 16822 | Gauntlet | 16822 ||| (to cure confusion)
 16830 | Gauntlet | Gained mutation: You are occasionally teleported next to
                  | monsters. [a shining eye]
 16833 | Gauntlet | 16833 ||| DRINKING 4 potions of mutation.
 16833 | Gauntlet | Lost mutation: You are occasionally teleported next to
                  | monsters. [potion of mutation]
 16833 | Gauntlet | Gained mutation: You have a beak for a mouth. [potion of
                  | mutation]
 16833 | Gauntlet | Gained mutation: Your body sometimes deteriorates upon
                  | taking damage. [potion of mutation]
 16864 | Gauntlet | 16864 ||| DROPPING +0 helmet.
 16865 | Gauntlet | 16865 ||| DROPPING ring of magical power.
 16909 | Gauntlet | Identified the ring of the Doge {rF- rC+ rN++}
 16946 | Gauntlet | Identified the ring "Fotah" {Fly SInv}
 16947 | Gauntlet | 16947 ||| Stepping ~*~*~tactically~*~*~ (hiding).
 16953 | Gauntlet | 16953 ||| INVOKING Heroism.
 16971 | Gauntlet | Identified the +2 ring mail "Wuajah" {Will++ Dex-3}
 16971 | Gauntlet | Identified the +3 scale mail of Bexitridai {Rampage rElec}
 17039 | Gauntlet | 17039 ||| DROPPING +0 chain mail of willpower.
 17040 | Gauntlet | 17040 ||| DROPPING +6 ring of intelligence.
 17079 | D:13     | 17079 ||| PLANNING D
 17308 | D:13     | 17308 ||| Stepping ~*~*~tactically~*~*~ (stealth).
 17817 | D:13     | Reached XP level 16. HP: 84/101 MP: 23/23
 17841 | D:14     | 17841 ||| Stepping ~*~*~tactically~*~*~ (stealth).
 17848 | D:14     | 17848 ||| INVOKING Heroism.
 17862 | D:14     | Reached skill level 6 in Throwing
 17866 | D:14     | 17866 ||| STAIRDANCE
 17925 | D:14     | 17925 ||| Stepping ~*~*~tactically~*~*~ (hiding).
 17957 | D:14     | 17957 ||| Stepping ~*~*~tactically~*~*~ (hiding).
 17959 | D:14     | 17959 ||| Stepping ~*~*~tactically~*~*~ (hiding).
 17960 | D:14     | 17960 ||| Stepping ~*~*~tactically~*~*~ (hiding).
 18210 | D:14     | Noticed Snorg
 18214 | D:14     | 18214 ||| INVOKING Heroism.
 18216 | D:14     | Killed Snorg
 18216 | D:14     | Received a gift from Okawaru
 18238 | D:14     | Found a stormy altar of Qazlal.
 18295 | D:14     | 18295 ||| Stepping ~*~*~tactically~*~*~ (stealth).
 18314 | D:14     | 18314 ||| READING scroll of enchant armour.
 18314 | D:14     | 18314 ||| ENCHANTING +1 pair of gloves.
 18323 | D:14     | Identified the +0 quarterstaff "Qeam" {spect, Fly}
 18442 | D:14     | 18442 ||| DROPPING ring of positive energy.
 18460 | D:15     | Entered Level 15 of the Dungeon
 18540 | D:15     | Found a staircase to the Depths.
 18562 | D:15     | 18562 ||| INVOKING Heroism.
 18568 | D:15     | Reached skill level 15 in Axes
 18682 | D:15     | 18682 ||| INVOKING Heroism.
 18731 | D:15     | 18731 ||| Stepping ~*~*~tactically~*~*~ (hiding).
 18732 | D:15     | 18732 ||| Stepping ~*~*~tactically~*~*~ (hiding).
 18734 | D:15     | 18734 ||| Stepping ~*~*~tactically~*~*~ (hiding).
 18933 | D:15     | Received a gift from Okawaru
 18990 | D:15     | Found a shadowy altar of Dithmenos.
 19062 | D:15     | 19062 ||| PLANNING ORC
 19062 | D:15     | 19062 ||| READING 7 scrolls of identify.
 19062 | D:15     | 19062 ||| IDENTIFYING fuming coppery potion
 19155 | Orc:1    | Entered Level 1 of the Orcish Mines
 19232 | Orc:2    | Entered Level 2 of the Orcish Mines
 19373 | Orc:2    | 19373 ||| INVOKING Heroism.
 19476 | Orc:2    | 19476 ||| Stepping ~*~*~tactically~*~*~ (stealth).
 19477 | Orc:2    | 19477 ||| Stepping ~*~*~tactically~*~*~ (stealth).
 19479 | Orc:2    | 19479 ||| Stepping ~*~*~tactically~*~*~ (hiding).
 19924 | Orc:2    | Found a staircase to the Elven Halls.
 19990 | Orc:2    | 19990 ||| Stepping ~*~*~tactically~*~*~ (hiding).
 19991 | Orc:2    | 19991 ||| Stepping ~*~*~tactically~*~*~ (hiding).
 19995 | Orc:2    | 19995 ||| INVOKING Heroism.
 20010 | Orc:2    | Found Votiybly's Antique Armour Shoppe.
 20029 | Orc:2    | 20029 ||| BUYING pair of embroidered gloves (262 gold).
 20029 | Orc:2    | Bought a pair of embroidered gloves for 262 gold pieces
 20029 | Orc:2    | 20029 ||| BUYING runed plate armour (910 gold).
 20029 | Orc:2    | Bought a runed plate armour for 910 gold pieces
 20220 | Orc:2    | Noticed Saint Roka
 20221 | Orc:2    | 20221 ||| INVOKING Heroism.
 20222 | Orc:2    | 20222 ||| INVOKING Finesse.
 20242 | Orc:2    | Killed Saint Roka
 20245 | Orc:2    | Identified the +6 chain mail of the Orb Guardian {Harm Fly
                  | rC-} (Okawaru gifted it to you on level 2 of the Orcish
                  | Mines)
 20245 | Orc:2    | Received a gift from Okawaru
 20310 | Orc:2    | Found Kegem's Antique Weapon Shop.
 20312 | Orc:2    | Found Jefu's Antique Armour Boutique.
 20350 | Orc:2    | Found Qeen's General Store.
 20358 | Orc:2    | 20358 ||| BUYING potion of curing (42 gold).
 20358 | Orc:2    | Bought a potion of curing for 42 gold pieces
 20358 | Orc:2    | 20358 ||| BUYING potion of haste (140 gold).
 20358 | Orc:2    | Bought a potion of haste for 140 gold pieces
 20407 | Orc:2    | 20407 ||| PLANNING SWAMP:1-3
 20407 | Orc:2    | 20407 ||| DROPPING +0 plate armour.
 20408 | Orc:2    | 20408 ||| DROPPING +1 pair of gloves.
 20409 | Orc:2    | 20409 ||| UPGRADING to +4 plate armour of cold resistance.
 20642 | Swamp:1  | Entered Level 1 of the Swamp
 20772 | Swamp:1  | 20772 ||| Stepping ~*~*~tactically~*~*~ (hiding).
 20774 | Swamp:1  | 20774 ||| Stepping ~*~*~tactically~*~*~ (hiding).
 20892 | Swamp:1  | Noticed Louise
 20893 | Swamp:1  | 20893 ||| INVOKING Heroism.
 20894 | Swamp:1  | 20894 ||| INVOKING Finesse.
 20915 | Swamp:1  | Killed Louise
 20951 | Swamp:1  | 20951 ||| Stepping ~*~*~tactically~*~*~ (hiding).
 20953 | Swamp:1  | 20953 ||| Stepping ~*~*~tactically~*~*~ (hiding).
 20970 | Swamp:1  | 20970 ||| Stepping ~*~*~tactically~*~*~ (stealth).
 20972 | Swamp:1  | 20972 ||| Stepping ~*~*~tactically~*~*~ (hiding).
 21320 | Swamp:1  | 21320 ||| READING scroll labelled GENUESTONGI.
 21339 | Swamp:1  | 21339 ||| READING 6 scrolls of identify.
 21339 | Swamp:1  | 21339 ||| IDENTIFYING yellow potion
 21343 | Swamp:2  | 21343 ||| INVOKING Heroism.
 21344 | Swamp:2  | 21344 ||| INVOKING Finesse.
 21345 | Swamp:2  | 21345 ||| SWAPPING to +3 war axe "Ukhuqit" {flame, rF+++
                  | rC- Int+3 Stlth+}.
 21351 | Swamp:2  | 21351 ||| SWAPPING to +2 heavy broad axe.
 21402 | Swamp:2  | 21402 ||| Stepping ~*~*~tactically~*~*~ (hiding).
 21540 | Swamp:2  | 21540 ||| INVOKING Heroism.
 21632 | Swamp:2  | 21632 ||| INVOKING Heroism.
 21638 | Swamp:2  | 21638 ||| Stepping ~*~*~tactically~*~*~ (hiding).
 21648 | Swamp:2  | 21648 ||| Stepping ~*~*~tactically~*~*~ (hiding).
 21649 | Swamp:2  | 21649 ||| Stepping ~*~*~tactically~*~*~ (hiding).
 21662 | Swamp:2  | Reached XP level 17. HP: 78/106 MP: 24/24
 21664 | Swamp:2  | Reached skill level 3 in Dodging
 21669 | Swamp:2  | 21669 ||| Stepping ~*~*~tactically~*~*~ (hiding).
 21672 | Swamp:2  | 21672 ||| Stepping ~*~*~tactically~*~*~ (hiding).
 21762 | Swamp:2  | 21762 ||| FLEEEEING.
 21783 | Swamp:2  | 21783 ||| INVOKING Heroism.
 21977 | Swamp:2  | 21977 ||| INVOKING Heroism.
 22034 | Swamp:2  | 22034 ||| INVOKING Heroism.
 22037 | Swamp:2  | 22037 ||| SWAPPING to +3 war axe "Ukhuqit" {flame, rF+++
                  | rC- Int+3 Stlth+}.
 22042 | Swamp:2  | 22042 ||| SWAPPING to +2 heavy broad axe.
 22166 | Swamp:3  | 22166 ||| Stepping ~*~*~tactically~*~*~ (hiding).
 22167 | Swamp:3  | 22167 ||| Stepping ~*~*~tactically~*~*~ (hiding).
 22276 | Swamp:3  | 22276 ||| Stepping ~*~*~tactically~*~*~ (stealth).
 22301 | Swamp:3  | 22301 ||| INVOKING Heroism.
 22307 | Swamp:3  | 22307 ||| SWAPPING to +3 war axe "Ukhuqit" {flame, rF+++
                  | rC- Int+3 Stlth+}.
 22315 | Swamp:3  | 22315 ||| SWAPPING to +2 heavy broad axe.
 22318 | Swamp:3  | 22318 ||| Stepping ~*~*~tactically~*~*~ (hiding).
 22335 | Swamp:3  | 22335 ||| Stepping ~*~*~tactically~*~*~ (hiding).
 22390 | Swamp:3  | 22390 ||| Stepping ~*~*~tactically~*~*~ (stealth).
 22391 | Swamp:3  | 22391 ||| Stepping ~*~*~tactically~*~*~ (stealth).
 22426 | Swamp:3  | 22426 ||| Stepping ~*~*~tactically~*~*~ (stealth).
 22428 | Swamp:3  | 22428 ||| Stepping ~*~*~tactically~*~*~ (hiding).
 22430 | Swamp:3  | 22430 ||| INVOKING Heroism.
 22500 | Swamp:3  | 22500 ||| READING scroll of enchant armour.
 22500 | Swamp:3  | 22500 ||| ENCHANTING +0 pair of boots.
 22528 | Swamp:3  | 22528 ||| Stepping ~*~*~tactically~*~*~ (hiding).
 22532 | Swamp:3  | 22532 ||| Stepping ~*~*~tactically~*~*~ (hiding).
 22534 | Swamp:3  | 22534 ||| Stepping ~*~*~tactically~*~*~ (hiding).
 22645 | Swamp:3  | 22645 ||| INVOKING Heroism.
 22668 | Swamp:3  | Found a runed translucent gate.
 22668 | Swamp:3  | Noticed qw's ghost (adept GrFi)
 22669 | Swamp:3  | Found a runed translucent gate.
 22731 | Swamp:3  | Found a runed translucent gate.
 22771 | Swamp:3  | 22771 ||| FLEEEEING.
 22772 | Swamp:3  | 22772 ||| FLEEEEING.
 22773 | Swamp:3  | 22773 ||| FLEEEEING.
 22774 | Swamp:3  | 22774 ||| FLEEEEING.
 22775 | Swamp:3  | 22775 ||| FLEEEEING.
 22776 | Swamp:3  | 22776 ||| FLEEEEING.
 22779 | Swamp:3  | 22779 ||| FLEEEEING.
 22944 | Swamp:3  | 22944 ||| PLANNING SPIDER:1-3
 22944 | Swamp:3  | 22944 ||| DROPPING amulet of the acrobat.
 22945 | Swamp:3  | 22945 ||| UPGRADING to +6 ring of strength.
 22947 | Swamp:3  | 22947 ||| DROPPING +4 ring of protection.
 23015 | Spider:1 | Entered Level 1 of the Spider Nest
 23024 | Spider:1 | 23024 ||| INVOKING Heroism.
 23027 | Spider:1 | Blown up by an orb spider

Levels and vault maps discovered:
D:1:      matt_arrival_diagonals, layout_loops_ring
D:2:      layout_basic, basic_altar
D:3:      kb_forest_paths, layout_basic, minmay_misc_feat_plants, st_stairs_13
D:4:      layout_rooms, cheibrodos_sewer_entry_bend, uniq_menkaure
D:5:      layout_cave_pools, amcnicky_altar_gilded
D:6:      layout_loops_ring, temple_doors_e, uniq_sigmund, uniq_eustachio,
          uniq_pikel
D:7:      kennysheep_slugbush, layout_gridville
D:8:      layout_layer_cave, due_lair_maze_entry_diamond, serial_shops, shop,
          uniq_joseph
D:9:      layout_gridville, elyvilon_altar_1,
          mainiacjoe_overflow_catwalk_spiral, nemelex_xobeh_ov_fountains_minmay,
          amethyst_overflow_temple_binary, grunt_potential, uniq_psyche
D:10:     wad_woods_pond, layout_basic, enter_bailey_4, uniq_fannar,
          uniq_gastronok
D:11:     layout_small_grid, zombieorc2_lemuel, uniq_urug, uniq_josephine,
          uniq_nergalle
D:12:     layout_big_octagon
D:13:     layout_basic, ximxim_vaults_locker_room, gauntlet_entry_generic
D:14:     layout_basic, nicolae_qazlal_style_of_elements, uniq_snorg
D:15:     gammafunk_depths_entry_grave, layout_basic, grunt_dithmenos_shadows
Temple:   hellmonk_temple_divided_pantheon
Lair:1:   layout_layer_cave, lemuel_fruit_tree, grunt_megastairs_4, uniq_grum
Lair:2:   layout_regular_city, serial_bayou_shore_a, uniq_sonja, uniq_erica
Lair:3:   layout_loops_ring, skrybe_swamp_entry_bodies, spider_nest_entry_a,
          chequers_serial_rivers_large_b, grunt_megastairs_1, uniq_amaemon
Lair:4:   layout_regular_city, minmay_slime_entry_jelly_boxes,
          small_statue_intersection, nicolae_quartered_pool_medium
Lair:5:   gammafunk_lair_ancient_temple, layout_hall_layers
Swamp:1:  nicolae_swamp_tree_isthmus, layout_falls_marsh,
          evilmike_swamp_ruin_house_4, uniq_louise
Swamp:2:  layout_falls_marsh, serial_swamp_ruin, evilmike_swamp_ruin_house_1,
          evilmike_swamp_ruin_house_5, hangedman_swamp_ruin_wall
Swamp:3:  layout_basic_swamp, gammafunk_ghost_split, evilmike_swamp_ruin_house_3
Spider:1: layout_cave_pods, uniq_donald
Orc:1:    layout_caves, guppyfry_library_mini
Orc:2:    grunt_orc_community_town_hall, layout_caves,
          grunt_orc_community_big_house_1, grunt_orc_community_big_house_1,
          grunt_orc_community_house_1, grunt_orc_community_house_3,
          grunt_orc_community_house_2, grunt_orc_community_house_2,
          grunt_orc_community_house_2

Skill      XL: |  1  2  3  4  5  6  7  8  9 10 11 12 13 14 15 16 17 |
---------------+----------------------------------------------------+-----
Axes           | 2 3 4 5 7 9 10 11 12 14 16 17 | 17.0
Fighting       | 4 6 7 8 9 12 | 12.5
Dodging        | 2 3 |  3.1
Throwing       | 1 2 3 4 5 6 |  6.0
Armour         | 6 7 9 10 11 | 11.0
Shields        | 4 6 11 13 14 16 17 | 17.0
Invocations    | 3 4 6 10 | 10.0

Action                     |  1- 3 |  4- 6 |  7- 9 | 10-12 | 13-15 | 16-18 || total
---------------------------+-------+-------+-------+-------+-------+-------++-------
  Melee: War axe           |    98 |   134 |   247 |   377 |     9 |    15 ||   880
         Broad axe         |       |       |       |   133 |   854 |   516 ||  1503
         Peck              |       |       |       |       |    11 |   104 ||   115
  Throw: Boomerang         |       |       |    79 |    76 |   108 |    82 ||   345
         Javelin           |       |       |       |    16 |    79 |    67 ||   162
 Invoke: Heroism           |       |       |       |    17 |    23 |    18 ||    58
         Finesse           |       |       |       |       |     1 |     3 ||     4
    Use: Scroll            |     4 |     5 |     6 |     9 |     9 |     5 ||    38
         Potion            |       |     1 |     1 |     3 |     3 |       ||     8
   Stab: Distracted        |       |       |       |       |       |     1 ||     1
 Armour: Scale mail        |    54 |    72 |    28 |       |       |       ||   154
         Chain mail        |       |       |    80 |       |       |       ||    80
         Plate armour      |       |       |    90 |   329 |   540 |   221 ||  1180
  Dodge: Dodged            |    46 |    51 |   117 |   125 |   351 |   158 ||   848
  Block: Buckler           |    20 |    24 |    58 |    24 |       |       ||   126
         Tower shield      |       |       |       |   375 |   986 |   519 ||  1880

Table legend:
 A = Non-vault XP
 B = Vault XP
 C = Vault XP percentage of total XP
 D = Non-vault monster count
 E = Vault monster count
 F = Vault count percentage of total count
                 A         B        C        D         E       F
            +---------+---------+-------+---------+---------+-------
      Total |  119760 |   50536 |  29.7 |     549 |     274 |  33.3
            +---------+---------+-------+---------+---------+-------
        D:1 |      55 |       0 |   0.0 |      30 |       0 |   0.0
        D:2 |      56 |       0 |   0.0 |      12 |       0 |   0.0
        D:3 |     205 |      14 |   6.4 |      21 |       7 |  25.0
        D:4 |     588 |     187 |  24.1 |      31 |       4 |  11.4
        D:5 |     438 |       0 |   0.0 |       9 |       0 |   0.0
        D:6 |     633 |    1083 |  63.1 |      15 |       3 |  16.7
        D:7 |    1442 |      48 |   3.2 |      25 |      12 |  32.4
        D:8 |    2090 |    1789 |  46.1 |      22 |      11 |  33.3
        D:9 |    1729 |    3416 |  66.4 |      10 |      27 |  73.0
       D:10 |    3430 |    2552 |  42.7 |      20 |       8 |  28.6
       D:11 |    3429 |    3763 |  52.3 |      13 |      42 |  76.4
       D:12 |    7911 |       0 |   0.0 |      26 |       0 |   0.0
       D:13 |    8425 |    4415 |  34.4 |      27 |      12 |  30.8
       D:14 |    9608 |     951 |   9.0 |      25 |       1 |   3.8
       D:15 |    7400 |    5578 |  43.0 |      22 |       9 |  29.0
     Lair:1 |    4471 |     811 |  15.4 |      14 |       4 |  22.2
     Lair:2 |    4203 |    1616 |  27.8 |      22 |       2 |   8.3
     Lair:3 |   11412 |    3883 |  25.4 |      44 |      12 |  21.4
     Lair:4 |    3163 |     549 |  14.8 |      17 |      13 |  43.3
     Lair:5 |    9908 |    6947 |  41.2 |      32 |      17 |  34.7
    Swamp:1 |    7417 |    1199 |  13.9 |      13 |       1 |   7.1
    Swamp:2 |   14715 |       0 |   0.0 |      27 |       0 |   0.0
    Swamp:3 |   10698 |     581 |   5.2 |      20 |       1 |   4.8
   Spider:1 |    1664 |       0 |   0.0 |       4 |       0 |   0.0
      Orc:1 |     921 |     564 |  38.0 |      11 |      10 |  47.6
      Orc:2 |    3749 |    7892 |  67.8 |      37 |      69 |  65.1
   Gauntlet |       0 |    2698 | 100.0 |       0 |       9 | 100.0
            +---------+---------+-------+---------+---------+-------
